 Dungeon Crawl Stone Soup version 0.20.1-1-g8b1a95d (webtiles) character file.

169 homeworkjunkie the Chopper (level 5, -1/47 HPs)
             Began as a Hill Orc Fighter on Dec 12, 2017.
             Killed from afar by Ymberto's ghost (15 damage)
             ... with a flame tongue
             ... on level 3 of the Dungeon.
             The game lasted 00:02:22 (1295 turns).

homeworkjunkie the Chopper (Hill Orc Fighter)       Turns: 1295, Time: 00:02:23

Health: -1/47      AC:  7    Str: 20    XL:     5   Next: 50%
Magic:  5/5        EV:  7    Int:  8    God:
Gold:   73         SH:  9    Dex: 10    Spells: 4/4 levels left

rFire    . . .     SeeInvis .   a - +0 war axe
rCold    + . .     Gourm    .   c - +0 shield
rNeg     . . .     Faith    .   b - +0 scale mail
rPois    .         Spirit   .   (no helmet)
rElec    .         Reflect  .   (no cloak)
rCorr    .         Harm     +   (no gloves)
MR       +....                  (no boots)
Stlth    ..........             l - amulet of harm
Regen    0.2/turn               (no ring)
MPRegen  0.1/turn               (no ring)

@: no status effects
A: cold resistance 1, magic resistance 1, screaming 1
a: no special abilities


You were on level 3 of the Dungeon.
You were not hungry.

You visited 1 branch of the dungeon, and saw 4 of its levels.

You collected 73 gold pieces.

Inventory:

Hand Weapons
 a - a +0 war axe (weapon)
Armour
 b - a +0 scale mail (worn)
 c - a +0 shield (worn)
Jewellery
 l - an amulet of harm (around neck)
Scrolls
 e - a scroll of identify
Potions
 d - a potion of heal wounds {unknown}
 k - a potion of resistance
Comestibles
 f - 3 bread rations
 g - a royal jelly
 h - a meat ration


   Skills:
 * Level 4.7 Fighting
 * Level 4.9 Axes
 * Level 3.9 Armour
 + Level 0.2 Dodging
 * Level 4.1 Shields


You had 4 spell levels left.
You didn't know any spells.

Dungeon Overview and Level Annotations

Branches:
Dungeon (4/15)
 Temple: D:4-7

Altars:
Ru
Uskayaw

Annotations:
D:3 Ymberto's ghost, weakling DEFE


Innate Abilities, Weirdness & Mutations

Your flesh is cold resistant. (rC+)
You are resistant to hostile enchantments. (MR+)
You occasionally shout uncontrollably at your foes.


Message History

Ymberto's ghost points at you and mumbles some strange words.
You block the flame tongue.
You closely miss Ymberto's ghost. Ymberto's ghost casts a spell at you.
The flame tongue hits you!
You are too injured to fight recklessly!
You are too injured to fight recklessly!
You are too injured to fight recklessly!
You are too injured to fight recklessly!
You are too injured to fight recklessly!
You are too injured to fight recklessly!
Ymberto's ghost is nearby!
You are too injured to fight recklessly!
You hit Ymberto's ghost but do no damage.
Ymberto's ghost hits you.
* * * LOW HITPOINT WARNING * * *
You barely miss Ymberto's ghost.
Ymberto's ghost gestures at you while chanting.
The flame tongue hits you!
You die...

.......<..# +......
..........# #...###
..........# #...#
..........# #..>###
..........# +......
..........# #...###
..........# #..)#
.......W..# #...#
.......@..# #...#
......)...# ######...#
.######.#####........#
#.................#
#.....$.........###
#............)..#
#...............#
#...............#
#...............#


You could see Ymberto's ghost.

Vanquished Creatures
  Jessica (D:2)
  An orc wizard (D:3)
  Natasha (twice) (D:2)
  An adder (D:2)
  An ooze (D:2)
  An adder zombie (D:2)
  2 adder skeletons (D:2)
  4 worms
  A dart slug (D:1)
  A leopard gecko (D:3)
  2 orcs (D:3)
  2 bats (D:2)
  2 giant cockroaches
  2 goblins
  4 hobgoblins
  2 jackals (D:2)
  A kobold (D:1)
  A quokka (D:2)
  2 frilled lizards
33 creatures vanquished.

Notes
Turn   | Place    | Note
-------+----------+-------------------------------------------
     0 | D:1      | homeworkjunkie the Hill Orc Fighter began the quest for the Orb.
     0 | D:1      | Reached XP level 1. HP: 19/19 MP: 1/1
   142 | D:1      | Reached XP level 2. HP: 27/27 MP: 2/2
   227 | D:2      | Reached XP level 3. HP: 23/33 MP: 3/3
   230 | D:2      | Found a hide-covered altar of Uskayaw.
   315 | D:2      | Noticed Natasha
   325 | D:2      | Killed Natasha
   325 | D:2      | Reached XP level 4. HP: 22/40 MP: 4/4
   550 | D:2      | Noticed Natasha
   552 | D:2      | Killed Natasha
   714 | D:2      | Noticed Jessica
   729 | D:2      | Killed Jessica
   729 | D:2      | Reached XP level 5. HP: 23/47 MP: 5/5
  1191 | D:3      | Gained mutation: Your flesh is cold resistant. (rC+) [potion of mutation]
  1191 | D:3      | Gained mutation: You occasionally shout uncontrollably at your foes. [potion of mutation]
  1191 | D:3      | Gained mutation: You are resistant to hostile enchantments. (MR+) [potion of mutation]
  1262 | D:4      | Found a sacrificial altar of Ru.
  1288 | D:3      | Noticed Ymberto's ghost (weakling DEFE)
  1295 | D:3      | Killed from afar by Ymberto's ghost

Skill      XL: |  1  2  3  4 |
---------------+-------------+-----
Fighting       | 4 |  4.7
Axes           | 3 4 |  4.9
Shields        | 4 |  4.1
Armour         | |  3.9
Dodging        | |  0.2

Action                   |  1- 3 |  4- 6 || total
-------------------------+-------+-------++-------
Melee: War axe           |    57 |   103 ||   160
  Use: Scroll            |       |     3 ||     3
       Potion            |       |     3 ||     3
  Eat: Fruit             |       |     4 ||     4
       Royal jelly       |       |     1 ||     1
Armor: Scale mail        |    21 |    40 ||    61
Dodge: Dodged            |    18 |    19 ||    37
Block: Shield            |    27 |    40 ||    67
